 Dungeon Crawl Stone Soup version 0.22-a0-558-gc224181 (webtiles) character file.

60 iamserjio the Skirmisher (level 4, 0/29 HPs)
             Began as a Gargoyle Fighter on June 27, 2018.
             Killed from afar by an orc wizard (10 damage)
             ... with a puff of frost
             ... on level 3 of the Dungeon.
             The game lasted 00:02:50 (419 turns).

iamserjio the Skirmisher (Gargoyle Fighter)          Turns: 419, Time: 00:02:51

Health: 0/29       AC: 10    Str: 25    XL:     4   Next: 4%
Magic:  4/4        EV:  7    Int:  8    God:
Gold:   23         SH:  9    Dex: 10    Spells: 3/3 levels left

rFire    . . .     SeeInvis .   a - +0 war axe
rCold    . . .     Gourm    .   c - +0 shield
rNeg     + . .     Faith    .   b - +0 scale mail
rPois    ∞         Spirit   .   (no helmet)
rElec    +         Reflect  .   (no cloak)
rCorr    .         Harm     .   (no gloves)
MR       .....                  (no boots)
Stlth    ..........             (no amulet)
HPRegen  0.09/turn              (no ring)
MPRegen  0.09/turn              (no ring)

@: mighty
A: negative energy resistance 1, electricity resistance, unbreathing,
petrification resistance, rot immunity, AC +3
a: no special abilities


You were on level 3 of the Dungeon.
You were not hungry.

You visited 1 branch of the dungeon, and saw 3 of its levels.

You collected 23 gold pieces.

Inventory:

Hand Weapons
 a - a +0 war axe (weapon)
 j - a +0 mace
 k - a +0 blowgun
Missiles
 l - 8 poisoned needles
Armour
 b - a +0 scale mail (worn)
 c - a +0 shield (worn)
Jewellery
 m - a cursed ring of teleportation {unknown}
 o - an uncursed ring of poison resistance {unknown}
Wands
 q - a wand of digging (19)
Scrolls
 e - a scroll of enchant weapon {unknown}
 g - a scroll of blinking {unknown}
 h - a scroll of remove curse {unknown}
 r - a scroll of identify {unknown}
Potions
 d - a potion of might
 i - a potion of magic {unknown}
 n - a potion of heal wounds {unknown}
 p - a potion of lignification {unknown}
Comestibles
 f - a ration


   Skills:
 - Level 4.0 Fighting
 + Level 3.3 Axes
 - Level 3.2 Armour
 - Level 3.2 Shields


You had 3 spell levels left.
You didn't know any spells.
Your spell library was empty.

Dungeon Overview and Level Annotations

Branches:
Dungeon (3/15)

Altars:


Innate Abilities, Weirdness & Mutations

You are resistant to torment.
Your stone body is resilient. (AC +3)
You are immune to poison.
You resist negative energy. (rN+)
You are resistant to electric shocks. (rElec)
You can survive without breathing.
You are immune to petrification.
You are immune to rotting.


Message History

You kill the orc wizard!
Your Axes skill increases to level 3!
You have reached level 4!
You feel stronger. The orc wizard barely misses you.
The orc wizard hits you but does no damage.
You slash the orc wizard!
The orc wizard is severely wounded.
The orc wizard hits you but does no damage. x2
You closely miss the orc wizard.
The orc wizard is severely wounded.
You block the orc wizard's attack.
The orc wizard casts a spell.
The orc wizard flickers and vanishes!
Deactivating autopickup; reactivate with Ctrl-A.
You closely miss something. Something hits you but does no damage.
You hear some strange, mumbled words.
A puff of frost appears from out of thin air!
The puff of frost hits you!
You die...

# .. ##### ... ...g
.... ...#.# .....
#..#.###
......#####..#....#
#..{@?.....# #.#
#..#####...# #.#
.... #.>.# #.# ####
#...###.###
#...#.....
####...#.#.######
..................
#######.#.#.#####.
#.#.#.# ###.


There were no monsters in sight!

Vanquished Creatures
  An orc wizard (D:3)
  An ooze (D:3)
  A leopard gecko (D:1)
  2 orcs (D:3)
  2 giant cockroaches
  3 goblins
  4 hobgoblins
  A quokka (D:2)
  2 bats
  3 kobolds (D:3)
  5 rats
25 creatures vanquished.

Notes
Turn   | Place    | Note
-------+----------+-------------------------------------------
     0 | D:1      | iamserjio the Gargoyle Fighter began the quest for the Orb.
     0 | D:1      | Reached XP level 1. HP: 14/14 MP: 1/1
    73 | D:1      | Reached XP level 2. HP: 5/19 MP: 2/2
   348 | D:3      | Reached skill level 4 in Fighting
   348 | D:3      | Reached XP level 3. HP: 19/24 MP: 3/3
   416 | D:3      | Reached XP level 4. HP: 9/29 MP: 4/4
   419 | D:3      | Killed from afar by an orc wizard

Vault maps used:
D:1:      nagdon_arrival_zigzag_paths, st_stairs_14, minmay_misc_feat_tiny
D:2:      cheibrodos_greedy_goblins, corexii_leaking_fountain
D:3:      portal_sewer_entry_e, minmay_misc_feat_cross

Skill      XL: |  1  2  3 |
---------------+----------+-----
Axes           | 2 3 |  3.3
Fighting       | 4 |  4.0
Armour         | |  3.2
Shields        | |  3.2

Action                   |  1- 3 |  4- 6 || total
-------------------------+-------+-------++-------
Melee: War axe           |    76 |     3 ||    79
  Use: Potion            |     1 |       ||     1
Armor: Scale mail        |    62 |     2 ||    64
Dodge: Dodged            |    29 |     1 ||    30
Block: Shield            |    62 |     1 ||    63

Table legend:
 A = Spawn XP
 B = Non-spawn XP
 C = Spawn XP percentage of total XP
 D = Spawn monster count
 E = Non-spawn monster count
 F = Spawn count percentage of total count
 G = Total turns spent on level
                    A         B        C        D         E        F      G
               +---------+---------+-------+---------+---------+-------+---------
         Total |       0 |      86 |   0.0 |       0 |      25 |   0.0 |   419
               +---------+---------+-------+---------+---------+-------+---------
           D:1 |       0 |      10 |   0.0 |       0 |       5 |   0.0 |   127
           D:2 |       0 |       7 |   0.0 |       0 |       5 |   0.0 |    40
           D:3 |       0 |      69 |   0.0 |       0 |      15 |   0.0 |   252
               +---------+---------+-------+---------+---------+-------+---------
